 Dungeon Crawl Stone Soup version 0.27.0-1-g7a089689b8 (webtiles) character file.

Game seed: 18234271267856569623

414 Crownlay the Shield-Bearer (level 6, -3/93 HPs)
             Began as a Troll Berserker on Aug 12, 2021.
             Was a Believer of Trog.
             Killed by divine providence
             ... invoked by an orc priest
              (16 damage)
             ... on level 4 of the Dungeon.
             The game lasted 00:08:19 (2206 turns).

Crownlay the Shield-Bearer (Troll Berserker)        Turns: 2206, Time: 00:08:21

Health: -3/93      AC:  5    Str: 28    XL:     6   Next: 60%
Magic:  5/5        EV: 10    Int:  3    God:    Trog [**....]
Gold:   90         SH:  0    Dex:  9    Spells: 5/5 levels left

rFire    . . .     SeeInvis .     - Unarmed
rCold    . . .     Faith    .   (no shield)
rNeg     . . .     Spirit   .   a - +0 animal skin
rPois    .         Reflect  .   (helmet restricted)
rElec    .         Harm     .   h - +0 cloak
rCorr    .         Rampage  .   (gloves unavailable)
Will     ++...                  (boots unavailable)
Stlth    ..........             g - amulet of magic regeneration
HPRegen  2.25/turn              (no ring)
MPRegen  0.34/turn              (no ring)

@: berserking, strong-willed, regenerating, very quick
A: large, unfitting armour, claws 3, regeneration 1, shaggy fur 1, tough skin 1
a: Renounce Religion, Berserk, Trog's Hand


You were on level 4 of the Dungeon.
You worshipped Trog.
Trog was pleased with you.
You visited 1 branch of the dungeon, and saw 4 of its levels.

You collected 90 gold pieces.

Inventory:

Missiles
 j - a throwing net (quivered)
 l - 2 boomerangs of dispersal
 n - 2 silver javelins
Armour
 a - a +0 animal skin (worn)
 e - a +0 buckler
 h - a +0 cloak (worn)
Jewellery
 g - an amulet of magic regeneration (around neck)
Scrolls
 f - a scroll of immolation {unknown}
 i - a scroll of teleportation
 k - 3 scrolls of magic mapping
 m - a scroll of fog {unknown}
Potions
 c - a potion of flight
 d - 10 potions of curing
 o - a potion of magic {unknown}


   Skills:
 * Level 4.0 Fighting
 - Level 2.4 Dodging
 - Level 4.0 Shields
 - Level 3.9 Unarmed Combat


You had 5 spell levels left.
You didn't know any spells.
Your spell library was empty.

Dungeon Overview and Level Annotations

Branches:
Dungeon (4/15)
 Temple: D:4-7

Altars:
Cheibriados

Shops:
D:2 (   D:3 !


Innate Abilities, Weirdness & Mutations

You are too large for most types of armour.
You have claws for hands.
Your natural rate of healing is unusually fast.
You are covered in fur. (AC +1)
You have tough skin. (AC +1)


Message History

The orc shouts!
The orc wizard hits you but does no damage.
The orc hits you with a +0 short sword.
The orc priest hits you with a +0 flail.
You feel less confused.
The orc wizard casts a spell.
The orc wizard flickers and vanishes!
Deactivating autopickup; reactivate with Ctrl-A.
The orc priest invokes the aid of Beogh against you.
Pain shoots through your body!
Your skin crawls.
You feel strong-willed. The orc barely misses you.
The orc priest closely misses you.
A red film seems to cover your vision as you go berserk!
You feel yourself moving faster!
You feel mighty! Something hits you. The orc closely misses you.
The orc priest mumbles some strange prayers to Beogh against you.
Beogh smites you!
* * * LOW HITPOINT WARNING * * *
The orc priest closely misses you.
You mangle the orc!!
You feel the power of Trog in you as your rage grows.
You kill the orc!
Trog accepts your kill. Something hits you.
* * * LOW HITPOINT WARNING * * *
The orc priest calls down the wrath of Beogh upon you.
Beogh smites you!
* * * LOW HITPOINT WARNING * * *
You claw the orc priest!
The orc priest is almost dead.
The orc priest barely misses you.
You claw the orc priest!
You kill the orc priest!
Trog accepts your kill. Something hits you.
* * * LOW HITPOINT WARNING * * *
The orc priest invokes the aid of Beogh against you.
Beogh smites you!
You die...

#....####..... ....
##.#..# #[.... ....
#..#..# ##..... . ...
##....###...... ..
..### #.............
...
...####...##.......
.o. o..
#...###....... #..
#.# #..#.......###
#Zo.#@###..#....##..#
#o){##.......##.###
#.......##........#
#.......##.#####..#
#.#....###. ###.#
#.#.....# #...#
.......## #.†..
...####.. #.... ..#.
#... ........


You could see an orc priest and an orc.

Vanquished Creatures
  Duvessa (D:4)
  A sky beast (D:3)
  Dowan (D:4)
  2 orc priests
  5 adders
  An adder zombie (D:2)
  2 worms
  3 dart slugs
  11 orcs
  8 ball pythons
  2 bat skeletons (D:2)
  4 endoplasms
  3 giant cockroaches
  6 hobgoblins
  3 jackals (D:1)
  2 quokkas
  A bat (D:1)
  2 frilled lizards
  3 goblins
  A jackal skeleton (D:2)
  7 kobolds
  A quokka skeleton (D:2)
  5 rats
75 creatures vanquished.

Notes
Turn   | Place    | Note
-------+----------+-------------------------------------------
     0 | D:1      | Crownlay the Troll Berserker began the quest for the Orb.
     0 | D:1      | Reached XP level 1. HP: 22/22 MP: 0/0
   286 | D:1      | Reached XP level 2. HP: 27/29 MP: 1/1
   415 | D:1      | Found a faded altar of an unknown god.
   771 | D:1      | Reached ** piety under Trog
   939 | D:2      | Reached XP level 3. HP: 31/36 MP: 2/2
   951 | D:2      | Reached skill level 1 in Shields
  1128 | D:2      | Found Vyll's Antique Weapon Shoppe.
  1540 | D:3      | Noticed a sky beast
  1554 | D:2      | Reached XP level 4. HP: 27/44 MP: 3/3
  1574 | D:3      | Killed a sky beast
  1575 | D:3      | Reached XP level 5. HP: 50/50 MP: 4/4
  1648 | D:3      | Found a snail-covered altar of Cheibriados.
  1678 | D:3      | Found Quchoc's Distillery.
  2031 | D:4      | Noticed Duvessa
  2031 | D:4      | Noticed Dowan
  2059 | D:4      | Killed Dowan
  2060 | D:4      | Reached XP level 6. HP: 32/61 MP: 5/5
  2062 | D:4      | Killed Duvessa
  2206 | D:4      | Killed from afar by an orc priest

Illustrated notes

Levels and vault maps discovered:
D:1:      grunt_arrival_crossed_arrows, layout_loops_corners,
          chequers_ecumenical_altar_simple
D:2:      layout_loops_ring, serial_undead, serial_undead_e, serial_undead_f,
          serial_undead_a, serial_undead_c, serial_shops, shop
D:3:      layout_rooms, cheibriados_altar_1, serial_shops, nicolae_square_shop,
          kennysheep_donut
D:4:      layout_cave_pools, uniq_duvessa

Skill      XL: |  1  2  3  4  5  6 |
---------------+-------------------+-----
Shields        | 2 3 4 |  4.0
Fighting       | 3 4 |  4.0
Dodging        | |  2.4
Unarmed Combat | |  3.9

Action                   |  1- 3 |  4- 6 || total
-------------------------+-------+-------++-------
Melee: Unarmed           |   118 |   100 ||   218
       Punch             |     2 |     1 ||     3
Invok: Trog's Hand       |     1 |     4 ||     5
       Berserk           |       |     3 ||     3
  Use: Scroll            |       |     4 ||     4
Armor: Animal skin       |    42 |    35 ||    77
Dodge: Dodged            |    83 |    56 ||   139
